 Dungeon Crawl Stone Soup version 0.29-a0-330-g52719c12eb (webtiles) character file.

Game seed: 13101059920901820738

1607 tilp the Cleaver (level 8, -10/71 HPs)
             Began as a Hill Orc Gladiator on Apr 27, 2022.
             Was a Follower of Nemelex Xobeh.
             Mangled by an ogre
             ... wielding a +0 giant club
              (27 damage)
             ... on level 7 of the Dungeon.
             The game lasted 00:08:45 (6724 turns).

tilp the Cleaver (Hill Orc Gladiator)               Turns: 6724, Time: 00:08:46

Health: -10/71     AC:  9    Str: 19    XL:     8   Next: 95%
Magic:  10/10      EV: 10    Int:  8    God:    Nemelex Xobeh [*.....]
Gold:   332        SH:  3    Dex: 12    Spells: 7/7 levels left

rFire   . . .      SeeInvis .   a - +1 war axe
rCold   . . .      Faith    .   G - +0 buckler
rNeg    . . .      Spirit   .   j - +0 scale mail
rPois   .          Reflect  .   w - +1 helmet
rElec   .          Harm     .   (no cloak)
rCorr   .          Rampage  .   (no gloves)
Will    +....                   (no boots)
Stlth   ..........              (no amulet)
HPRegen 0.21/turn               l - ring of willpower
MPRegen 0.12/turn               y - ring of flight

@: flying
A: no striking features
a: Renounce Religion, Draw Escape, Draw Destruction, Draw Summoning


You were on level 7 of the Dungeon.
You worshipped Nemelex Xobeh.
Nemelex Xobeh was aware of your devotion.
You visited 2 branches of the dungeon, and saw 8 of its levels.

You collected 332 gold pieces.

Inventory:

Hand Weapons
 a - a +1 war axe (weapon)
 c - a +2 whip of electrocution
 k - the +4 dagger "Miwkoze" {vorpal, rPois rC+ Int+2 Dex+2}
   (You found it on level 2 of the Dungeon)

   It inflicts extra damage upon your enemies.
   Int:       It affects your intelligence (+2).
   Dex:       It affects your dexterity (+2).
   rC:        It protects you from cold.
   rPois:     It protects you from poison.
 E - the +7 mace "Uman" {drain, Str+3}
   (You found it on level 6 of the Dungeon)

   A truly terrible weapon, it drains the life of any living foe it strikes.
   Str:       It affects your strength (+3).
Missiles
 d - 2 throwing nets
 e - a javelin
 i - 5 datura-tipped darts
 n - 4 boomerangs (quivered)
 o - 6 atropa-tipped darts
 x - 2 boomerangs of dispersal
Armour
 j - a +0 scale mail (worn)
 w - a +1 helmet (worn)
 G - a +0 buckler (worn)
 H - a +0 plate armour
Jewellery
 l - a ring of willpower (left hand)
 y - a ring of flight (right hand)
Wands
 g - a wand of charming (7)
 s - a wand of acid (10)
 t - a wand of paralysis (5)
 A - a wand of iceblast (13)
Scrolls
 b - 4 scrolls of amnesia
 p - a scroll of fog
 u - 5 scrolls of identify
 z - a scroll of silence
 D - a scroll of magic mapping
 F - a scroll of teleportation
Potions
 f - 3 potions of invisibility
 h - 6 potions of heal wounds
 m - 2 potions of curing
 q - a potion of attraction
 r - a potion of flight
 v - a potion of haste


   Skills:
 + Level 6.6 Fighting
 + Level 8.6 Axes
 + Level 2.9 Throwing
 + Level 3.3 Armour
 - Level 4.0 Dodging
 - Level 2.0 Stealth
 + Level 0.1 Shields
 + Level 3.0 Invocations
 + Level 3.2 Evocations


You had 7 spell levels left.
You didn't know any spells.
Your spell library contained the following spells:

 Spells                   Type           Power      Damage    Failure   Level
 Foxfire                  Conj/Fire      0%         2x1d4     87%         1
 Magic Dart               Conj           0%         1d3       87%         1
 Searing Ray              Conj           0%         2d4       95%         2
 Conjure Flame            Conj/Fire      0%         6-21      99%         3
 Inner Flame              Hex/Fire       0%         N/A       99%         3
 Flame Wave               Conj/Fire      0%         2d4       100%        4
 Fulminant Prism          Conj/Hex       0%         3d6       100%        4


Dungeon Overview and Level Annotations

Branches:
Dungeon (7/15)             Temple (1/1) D:4

Altars:
Cheibriados
Gozag
Hepliaklqana
Kikubaaqudgha
Makhleb
Nemelex Xobeh
Okawaru
Ru
Trog
Uskayaw
Vehumet
Wu Jian
Xom
Yredelemnul
Zin
The Shining One


Message History

You now have 273 gold pieces (gained 14).
You now have 294 gold pieces (gained 21).
You now have 305 gold pieces (gained 11).
u - 4 scrolls of identify (gained 1)
You reach down and open the door.
There is an open door here.
u - 5 scrolls of identify (gained 1)
You now have 315 gold pieces (gained 10).
You now have 332 gold pieces (gained 17).
Found a stone staircase leading down.
There is a stone staircase leading down here.
Nemelex Xobeh deals you some cards!
You now have 1 escape card, 8 destruction cards and 3 summoning cards.
An ogre comes into view. It is wielding a +0 giant club.
The ogre shouts!
Unknown command.
You throw a boomerang.
The boomerang hits the ogre but does no damage.
You hit the ogre.
The ogre is lightly wounded.
The ogre closely misses you.
You barely miss the ogre.
The ogre is lightly wounded.
The ogre closely misses you.
You hit the ogre but do no damage.
The ogre is lightly wounded.
The ogre hits you with a +0 giant club!!
You closely miss the ogre.
The ogre is lightly wounded.
You barely miss the ogre.
The ogre is lightly wounded.
The ogre hits you with a +0 giant club!!
* * * LOW HITPOINT WARNING * * *
You are too injured to fight recklessly!
Unknown command.
You draw a card...
You have drawn the Storm.
A fierce wind blows from the card.
You hear mighty peals of thunder!
The ogre hits you with a +0 giant club!!
You die...
Your body disappears without a glow.

#.#
#################
#.#
#...............#
#.#
#.#############.#
#.# #.# ... #.#
#.# #.# #.# #.#
#.# #.# ... #.#
#.# #.#.##.####
#.#
#.######.#..O....#
#.# #........#
#@##.# #.#
########## #.##.#
#.# #.##.###.#.#
#........#.#
####.#####.#
#.......#
#######.# ###


You could see an ogre.

Vanquished Creatures
  Pikel (D:4)
  A gargoyle (D:6)
  Menkaure (D:4)
  2 ogres (D:6)
  A lemure (D:4)
  A bullfrog (D:6)
  2 scorpions (D:4)
  3 hounds
  2 jellies
  3 iguanas
  Terence (D:2)
  Ijyb (D:3)
  9 adders
  2 worms (D:3)
  An orc (D:6)
  11 ball pythons
  3 bats
  8 endoplasms
  6 giant cockroaches
  4 goblins
  8 hobgoblins
  8 kobolds
  2 quokkas
  2 frilled lizards
  5 rats
88 creatures vanquished.

Vanquished Creatures (others)
  3 plants
3 creatures vanquished.

Grand Total: 91 creatures vanquished

Notes
Turn   | Place    | Note
-------+----------+-------------------------------------------
     0 | D:1      | tilp the Hill Orc Gladiator began the quest for the Orb.
     0 | D:1      | Reached XP level 1. HP: 18/18 MP: 1/1
   369 | D:1      | Reached XP level 2. HP: 25/25 MP: 2/2
   695 | D:1      | Found a faded altar of an unknown god.
   936 | D:2      | Reached XP level 3. HP: 18/31 MP: 3/3
  1106 | D:2      | Reached skill level 5 in Axes
  1316 | D:2      | Identified the +4 dagger "Miwkoze" {vorpal, rPois rC+ Int+2
                  | Dex+2}
  1382 | D:2      | Reached XP level 4. HP: 32/40 MP: 4/4
  1459 | D:2      | Noticed Terence
  1477 | D:2      | Killed Terence
  1951 | D:2      | Reached skill level 6 in Axes
  2234 | D:3      | Reached XP level 5. HP: 46/46 MP: 5/5
  2328 | D:3      | Noticed Ijyb
  2337 | D:3      | Paralysed by Ijyb for 4 turns
  2343 | D:3      | Paralysed by Ijyb for 3 turns
  2349 | D:3      | Killed Ijyb
  2864 | D:4      | Noticed Menkaure
  2872 | D:4      | Killed Menkaure
  2873 | D:4      | Reached skill level 1 in Armour
  2873 | D:4      | Reached skill level 1 in Stealth
  2873 | D:4      | Reached skill level 1 in Evocations
  2873 | D:4      | Reached XP level 6. HP: 48/53 MP: 6/6
  3176 | D:4      | Noticed Pikel
  3214 | D:4      | Killed Pikel
  3215 | D:4      | Reached skill level 7 in Axes
  3215 | D:4      | Reached XP level 7. HP: 19/63 MP: 7/7
  3640 | D:4      | Reached XP level 8. HP: 40/70 MP: 8/8
  3852 | D:4      | Found a staircase to the Ecumenical Temple.
  4076 | Temple   | Entered the Ecumenical Temple
  4316 | Temple   | Became a worshipper of Nemelex Xobeh the Trickster
  4375 | D:5      | Entered Level 5 of the Dungeon
  4410 | D:5      | Reached skill level 8 in Axes
  4974 | D:6      | Found a glowing golden altar of the Shining One.
  4976 | D:6      | Reached * piety under Nemelex Xobeh
  5001 | D:5      | Reached skill level 1 in Invocations
  5812 | D:6      | Noticed a gargoyle
  5822 | D:6      | Killed a gargoyle
  5843 | D:6      | Found an ornate altar of the Wu Jian Council.
  6036 | D:6      | Identified the +7 mace "Uman" {drain, Str+3}
  6691 | D:7      | Received a gift from Nemelex Xobeh
  6724 | D:7      | Mangled by an ogre

Illustrated notes

Levels and vault maps discovered:
D:1:      dpeg_arrival_prison, layout_basic,
          shapermc_ecumenical_altar_flowoftime, minivault_25
D:2:      layout_rooms, uniq_terence
D:3:      wander_river, layout_rooms, kennysheep_minor_cross, uniq_ijyb
D:4:      layout_rooms, temple_hall, uniq_menkaure, uniq_pikel
D:5:      layout_rooms, serial_bayou, serial_bayou_lagoon_b,
          serial_bayou_shore_b, serial_bayou_lagoon_a, serial_bayou_shore_a
D:6:      layout_rooms, mainiacjoe_overflow_paths,
          nicolae_wu_jian_immortal_techniques, serial_bayou_pond_a,
          grunt_decor_resistance
D:7:      layout_basic
Temple:   eino_temple_water

Skill      XL: |  1  2  3  4  5  6  7  8 |
---------------+-------------------------+-----
Fighting       | 3 4 6 |  6.6
Axes           | 5 6 7 8 |  8.6
Throwing       | 2 |  2.9
Armour         | 1 2 3 |  3.3
Stealth        | 1 2 |  2.0
Evocations     | 1 2 3 |  3.2
Dodging        | 3 4 |  4.0
Invocations    | 3 |  3.0
Shields        | |  0.1

Action                   |  1- 3 |  4- 6 |  7- 9 || total
-------------------------+-------+-------+-------++-------
Melee: War axe           |    87 |   146 |   104 ||   337
       Punch             |       |     3 |     1 ||     4
Throw: Throwing net      |     1 |       |       ||     1
       Dart              |       |     6 |       ||     6
       Stone             |       |     3 |     7 ||    10
       Boomerang         |       |       |     2 ||     2
Invok: Draw Destruction  |       |       |     1 ||     1
Evoke: Wand              |       |       |     4 ||     4
  Use: Scroll            |     5 |     8 |     5 ||    18
       Potion            |       |     4 |       ||     4
 Stab: Invisible         |       |     4 |       ||     4
       Paralysed         |       |       |     4 ||     4
Armor: Scale mail        |    49 |    63 |    44 ||   156
       Leather armour    |     1 |       |       ||     1
Dodge: Dodged            |    53 |    83 |    55 ||   191

Table legend: (Time is in decaauts)
 A = Elapsed time spent in this place.
 B = Non-inter-level travel time spent in this place.
 C = Inter-level travel time spent in this place.
 D = Time resting spent in this place.
 E = Time spent auto-exploring this place.
 F = Levels seen in this place.
 G = Mean time per level.
                   A        B        C        D        E       F      G
               +--------+--------+--------+--------+--------+-----+--------+
         Total |   6812 |   6437 |    375 |   1846 |   3718 |   8 |  851.5 |
       Dungeon |   6554 |   6226 |    328 |   1846 |   3519 |   7 |  936.3 |
        Temple |    257 |    210 |     47 |      0 |    199 |   1 |  257.0 |
               +--------+--------+--------+--------+--------+-----+--------+

Top non-repeatable levels by time:
     D:4: 1341 daAuts
     D:2: 1075 daAuts
     D:6: 1073 daAuts
     D:1: 1071 daAuts
     D:5: 981 daAuts
     D:3: 707 daAuts
     D:7: 305 daAuts
  Temple: 257 daAuts
